Cogmind - Beta 13 @@@ ROGUE MODE // 2024.05.13 @ 19:26:45 Player: Johnny2001 Result: Destroyed by Y-54 Guardian with Flak Gun Performance ------------- Evolutions (0) 0 Regions Visited (3) 600 Robots Destroyed (25) 125 Value Destroyed (826) 826 Prototype IDs (0) 0 Alien Tech Used (0) 0 Bonus (0) 0 TOTAL SCORE: 1551 Bonus ------- None Cogmind --------- Core Integrity 0/250 Matter 300/300 Energy 125/125 System Corruption 0% Temperature Cool (18) Movement Core (250) Ox4 Location -7/Recycling Parts ------- > --- POWER (1) -------- Light Ion Engine > --- PROPULSION (2) --- (None) > --- UTILITY (2) ------ Small Storage Unit Sensor Array > --- WEAPON (2) ------- Battle Rifle Heavy Hammer > --- INVENTORY (8) ---- Aluminum Leg Subdweller Monowheel Makeshift Light Armor Plating Subdweller Laser Battle Rifle Barrage Gun Heavy Hammer Makeshift Hammer Peak State ------------ > --- POWER ------------ Ion Engine > --- PROPULSION ------- Aluminum Leg Aluminum Leg > --- UTILITY ---------- Small Storage Unit Makeshift Thermal Plating > --- WEAPON ----------- Improved Light Cannon Heavy Hammer > --- INVENTORY -------- Light Ion Engine Light Treads Light Treads Sensor Array Battle Rifle Improved Light Cannon Heavy Hammer Shrapnel Trap [Rating: 13] Favorites ----------- Power Ion Engine Engine Ion Engine Propulsion Light Treads Treads Light Treads Leg Aluminum Leg Utility Small Storage Unit Device Sensor Array Storage Small Storage Unit Protection Makeshift Thermal Plating Weapon Improved Light Cannon Energy Gun Small Laser Ballistic Gun Battle Rifle Ballistic Cannon Improved Light Cannon Launcher Subdweller Shrapnel Launcher Impact Weapon Heavy Hammer Build | -11 -10 -10 -7 ------- Run | Yrd Mat Sub Rec Slots Evolved . | . . . . Power . | . . . . Propulsion . | . . . . Utility . | . . . . Weapon . | . . . . Parts Attached 42 | 7 3 32 . Power 2 | 1 . 1 . Engine 2 | 1 . 1 . Core . | . . . . Reactor . | . . . . Propulsion 4 | 2 . 2 . Treads 2 | . . 2 . Leg 2 | 2 . . . Wheel . | . . . . Hover . | . . . . Flight . | . . . . Utility 8 | 1 1 6 . Device 4 | . 1 3 . Storage 1 | 1 . . . Processor . | . . . . Hackware . | . . . . Protection 3 | . . 3 . Artifact . | . . . . Weapon 28 | 3 2 23 . Energy Gun 1 | 1 . . . Energy Cannon . | . . . . Ballistic Gun 5 | 2 . 3 . Ballistic Cannon 12 | . 2 10 . Launcher 1 | . . 1 . Special Weapon . | . . . . Impact Weapon 9 | . . 9 . Slashing Weapon . | . . . . Piercing Weapon . | . . . . Special Melee Weapon . | . . . . Unidentified Prototypes . | . . . . Parts Lost 6 | . . 4 2 Power 1 | . . 1 . Propulsion 3 | . . 1 2 Utility . | . . . . Weapon 2 | . . 2 . Highest Loss Streak 3 | . . 3 2 To Critical Strikes . | . . . . Average Slot Usage (%) 99 | . 99 99 92 Engine 13 | . 14 13 14 Treads 18 | . . 21 21 Leg 8 | . 28 6 . Device 13 | . 13 13 14 Storage 14 | . 14 14 14 Ballistic Gun 3 | . 8 2 14 Ballistic Cannon 13 | . 10 14 . Launcher 1 | . . 1 . Impact Weapon 8 | . . 9 14 Naked Turns . | . . . . Heaviest Build 23 | 13 19 23 14 Greatest Support 40 | 20 20 40 40 Greatest Overweight (x) 3 | 3 . 1 . Average Overweight (x) . | . . . . Largest Inventory Capacity 8 | 8 8 8 8 Average Capacity 7 | 7 8 8 8 Most Carried 8 | 7 8 8 8 Average Carried 7 | 3 7 7 8 Final Capacity 8 | 8 8 8 8 Final Carried 8 | 6 8 8 8 Class Distribution -------------------- 100% | Mutant Dominant Class ---------------- Mutant | -10/Materials Mutant | -10/Subcaves Mutant | -7/Recycling Resources | -11 -10 -10 -7 ----------- Run | Yrd Mat Sub Rec Matter Collected 1275 | 276 60 939 . Remotely . | . . . . Salvage Created 619 | 84 72 463 . Parts 46 | 1 4 41 . Haulers Intercepted . | . . . . Recyclers Shooed . | . . . . Parts Field Recycled . | . . . . Retrieved Matter . | . . . . Parts Self-Destructed 17 | . . 17 . Prevented . | . . . . Kills | -11 -10 -10 -7 ------- Run | Yrd Mat Sub Rec Combat Hostiles Destroyed 22 | . 2 20 . Guns 2 | . . 2 . Cannons 14 | . 2 12 . AOE 6 | . . 6 . Classes Destroyed 7 | 1 1 5 . Recycler 1 | 1 . . . Turret 2 | . . 2 . Swarmer 4 | . . 4 . Grunt 3 | . 2 1 . Sentry 1 | . . 1 . Artisan 1 | . . 1 . Subdweller 14 | . . 14 . Best Kill Streak 4 | 1 2 4 . Combat Bots Only 4 | . 2 4 . Max Kills in Single Turn 1 | 1 1 1 . Gunslinging . | . . . . Exploded 1 | . . 1 . Melee . | . . . . Uniques/NPCs Destroyed . | . . . . Combat | -11 -10 -10 -7 -------- Run | Yrd Mat Sub Rec Hostile Shots Fired 163 | . 5 113 45 Missed 47 | . 1 33 13 Damage Taken 1259 | . 41 988 230 Core 254 | . 9 181 64 Absorbed by Shields . | . . . . Core Remaining (%) 100 | 100 . . . Volleys Fired 79 | 2 7 70 . Largest 2 | 2 2 2 . Hottest 78 | 60 78 78 . Shots Fired 123 | 4 13 106 . Gun 19 | 4 1 14 . Cannon 91 | . 12 79 . Launcher 13 | . . 13 . Special . | . . . . Kinetic 121 | 2 13 106 . Thermal 2 | 2 . . . Explosive . | . . . . Electromagnetic . | . . . . Robot Hit Streak 20 | 1 7 20 . Robot Miss Streak 4 | 1 4 4 . Penetration Max . | . . . . Secondary Targets . | . . . . Shots Hit Robots 69 | 2 7 60 . Core Hits 39 | 2 3 34 . Critical Kills 1 | . . 1 . Critical Parts Destroyed 1 | . . 1 . Critical Strikes 4 | . . 4 . Destroy 1 | . . 1 . Blast 2 | . . 2 . Smash 1 | . . 1 . Melee Attacks 75 | . . 75 . Impact 75 | . . 75 . Slashing . | . . . . Piercing . | . . . . Sneak Attacks 1 | . . 1 . Combat Hostiles . | . . . . Follow-up Attacks . | . . . . Damage Inflicted 2048 | 25 140 1883 . Guns 151 | 25 10 116 . Cannons 1085 | . 130 955 . Explosions 713 | . . 713 . Melee 99 | . . 99 . Ramming . | . . . . Kinetic 1949 | 25 140 1784 . Thermal . | . . . . Explosive . | . . . . Electromagnetic . | . . . . Impact 99 | . . 99 . Slashing . | . . . . Piercing . | . . . . Highest Corruption . | . . . . Average Corruption . | . . . . Corruption Purged . | . . . . Corruption Blocked . | . . . . Overload Shots . | . . . . Overflow Damage 108 | . 3 105 . Projectiles 9 | . 3 6 . Explosions . | . . . . Melee 99 | . . 99 . Knockbacks 15 | . 3 12 . Impact . | . . . . Kinetic 15 | . 3 12 . Secondary . | . . . . Self-Inflicted Damage 45 | . . 45 . Shots 1 | . . 1 . Rammed . | . . . . Targets Rammed . | . . . . Kicked . | . . . . Crushed . | . . . . Highest Temperature 90 | . 90 4 . Average Temperature 35 | . 38 4 . Received Heat Transfer 363 | . 18 273 72 Siege Activations . | . . . . Robots Corrupted . | . . . . Combat Hostiles . | . . . . Parts Fried . | . . . . Impact Corruptions 1 | . . 1 . Robots Melted . | . . . . Combat Hostiles . | . . . . Parts Melted . | . . . . Heat Transferred . | . . . . Parts Sabotaged . | . . . . Parts Stolen . | . . . . Parts Stripped . | . . . . Power Chain Reactions . | . . . . Alert | -11 -10 -10 -7 ------- Run | Yrd Mat Sub Rec Peak Influence 240 | 5 66 . 240 Initial 216 | . 3 . 216 Average 17 | 1 13 . 233 Maximum Alert Level 1 | . . . 1 Low Security (%) 97 | 100 100 . . Level 1 2 | . . . 100 Level 2 . | . . . . Level 3 . | . . . . Level 4 . | . . . . Level 5 . | . . . . High Security . | . . . . Max Security . | . . . . Squads Dispatched 1 | . 1 . . Investigation . | . . . . Extermination . | . . . . Reinforcement 1 | . 1 . . Assault . | . . . . Garrison . | . . . . Intercept . | . . . . Searches Triggered . | . . . . Construction Impeded . | . . . . Haulers Reinforced . | . . . . Active Scanning Responses . | . . . . Cargo Convoy Interrupts . | . . . . Stealth | -11 -10 -10 -7 --------- Run | Yrd Mat Sub Rec Distress Signals 1 | . 1 . . Communications Jammed . | . . . . Distress Signals . | . . . . Times Spotted 47 | . 5 41 1 Peak Tracking Total 6 | . 4 6 1 Tactical Retreats 5 | . 1 4 . Traps | -11 -10 -10 -7 ------- Run | Yrd Mat Sub Rec Traps Triggered . | . . . . Indirectly . | . . . . Trap Hack Attempts . | . . . . Triggered . | . . . . Disarmed . | . . . . Reprogrammed . | . . . . Reused . | . . . . Traps Extracted . | . . . . Installed 1 | . . 1 . Triggered 2 | . . 2 . Most Traps Carried 1 | . . 1 . Machines | -11 -10 -10 -7 ---------- Run | Yrd Mat Sub Rec Machines Disabled 3 | . . 3 . Max in Single Turn 1 | . . 1 . Machines Repaired . | . . . . Machines Dismantled . | . . . . Machines Sabotaged . | . . . . Overloaded Fab Kills . | . . . . Hacking | -11 -10 -10 -7 --------- Run | Yrd Mat Sub Rec Machines Accessed 2 | . . 1 1 Terminals 1 | . . . 1 Fabricators . | . . . . Repair Stations . | . . . . Recycling Units . | . . . . Scanalyzers . | . . . . Garrison Access . | . . . . Total Hacks 7 | . . 2 5 Successful 4 | . . 2 2 Failed 3 | . . . 3 Catastrophic 1 | . . . 1 Database Lockouts . | . . . . Manual . | . . . . Terminals 5 | . . . 5 Fabricators . | . . . . Repair Stations . | . . . . Recycling Units . | . . . . Scanalyzers . | . . . . Garrison Access . | . . . . Terminal Hacks 4 | . . 2 2 Record 4 | . . 2 2 Fabricator Hacks . | . . . . Repair Station Hacks . | . . . . Recycling Unit Hacks . | . . . . Scanalyzer . | . . . . Garrison Access Hacks . | . . . . Unauthorized Hacks . | . . . . Terminals . | . . . . Fabricators . | . . . . Repair Stations . | . . . . Recycling Units . | . . . . Scanalyzers . | . . . . Garrison Access . | . . . . Data Cores Recovered . | . . . . Used . | . . . . Hacking Detections 1 | . . . 1 Full Trace Events 1 | . . . 1 Feedback Events . | . . . . Feedback Blocked . | . . . . Robot Schematics Acquired . | . . . . Robots Built . | . . . . Authchips . | . . . . Time . | . . . . Total Robot Build Rating . | . . . . Part Schematics Acquired . | . . . . Parts Built . | . . . . Authchips . | . . . . Time . | . . . . Total Part Build Rating . | . . . . Parts Repaired . | . . . . Time . | . . . . Parts Recycled . | . . . . Recycled Matter . | . . . . Retrieved Matter . | . . . . Retrieved Components . | . . . . Parts Scanalyzed . | . . . . Part Schematics Acquired . | . . . . Parts Damaged . | . . . . Bothacking | -11 -10 -10 -7 ------------ Run | Yrd Mat Sub Rec Used RIF Installer . | . . . . Robots Hacked . | . . . . Non-combat . | . . . . Combat . | . . . . Robot Hacks Applied . | . . . . Relay Couplers Released . | . . . . Fabnet Peak Effective % . | . . . . Robots Rewired . | . . . . Allies Hacked . | . . . . Hacks Repelled . | . . . . Allies | -11 -10 -10 -7 -------- Run | Yrd Mat Sub Rec Total Allies . | . . . . Largest Group . | . . . . Highest-Rated Group . | . . . . Highest-Rated Ally . | . . . . Total Orders . | . . . . Ally Attacks . | . . . . Total Damage . | . . . . Kills . | . . . . Allies Corrupted . | . . . . Allies Melted . | . . . . Intel | -11 -10 -10 -7 ------- Run | Yrd Mat Sub Rec Robot Analysis Total . | . . . . Derelict Logs Recovered 1 | . . 1 . Drone Launches . | . . . . Drone Recoveries . | . . . . Exploration | -11 -10 -10 -7 ------------- Run | Yrd Mat Sub Rec Turns Passed 7200 | 72 763 6346 19 Spaces Moved 3844 | 42 112 3686 4 Core 8 | 8 . . . Treads 2728 | . . 2724 4 Legs 1108 | 34 112 962 . Wheels . | . . . . Hover . | . . . . Flight . | . . . . Fastest Speed 50 | 50 120 120 160 Average Speed 155 | 117 120 156 160 Slowest Speed 200 | 200 120 190 160 Overloaded Moves . | . . . . Propulsion Burnouts . | . . . . Robots Hopped . | . . . . Cave-ins Triggered . | . . . . Exploration Rate (%) 29 | 3 15 96 2 Regions Visited 3 Branch Regions 2 Pre-discovered Areas 1 | . . 1 . Known Exits Taken . | . . . . Unknown Exits Taken 3 | 1 1 1 . Scrap Searched 10 | . . 10 . Spaces Dug 18 | . . 18 . Terrain Destroyed 219 | . 1 218 . Melee 18 | . . 18 . Projectile 1 | . 1 . . AOE 200 | . . 200 . Terrain Rammed . | . . . . Walls Destroyed . | . . . . Machines Disabled . | . . . . Actions | -11 -10 -10 -7 --------- Run | Yrd Mat Sub Rec Total 4804 | 57 728 4002 17 Wait 732 | . 597 122 13 Move 3841 | 41 111 3685 4 Hop . | . . . . Pick Up 21 | 7 5 9 . Fast Attach 10 | 5 3 2 . Attach 5 | 1 . 4 . Detach 1 | . . 1 . Swap 27 | 1 . 26 . Drop 12 | . 5 7 . Fire 79 | 2 7 70 . Melee 75 | . . 75 . Ram . | . . . . Kick . | . . . . Crush . | . . . . Escape Stasis . | . . . . Rewire . | . . . . Trap 1 | . . 1 . Miscellaneous . | . . . . Route ------- -11/Scrapyard -10/Materials -10/Subcaves (discovered 3 exits: [*Mat x2] / *Rec) -7/Recycling History --------- Turn | Location | Event 22 | -11/Scrapyard | Discovered new exit (range 15) 73 | -11/Scrapyard | Entered Materials 315 | -10/Materials | Build established: Mutant 829 | -10/Materials | Discovered new exit (range 8) 836 | -10/Materials | Entered Subcaves 986 | -10/Subcaves | A swath of the cavern ceiling suddenly collapsed 1003 | -10/Subcaves | Discovered new exit (range 3) 1020 | -10/Subcaves | Disturbed a concealed Subdweller 1060 | -10/Subcaves | Shifting Twisted Machinery released Flamer 1115 | -10/Subcaves | Shifting Twisted Machinery released Mak. Thermal Plating 1286 | -10/Subcaves | Shifting Twisted Machinery released Sub. Monowheel 1287 | -10/Subcaves | Shifting Twisted Machinery released Sub. Monowheel 1553 | -10/Subcaves | Disturbed a concealed Subdweller 1558 | -10/Subcaves | Ambushed by Subdweller buried in earth 1895 | -10/Subcaves | Visited Clippyterm 2030 | -10/Subcaves | Learned location of Zion (-6) 2030 | -10/Subcaves | Met a Zionite searching for "candidates" 2732 | -10/Subcaves | Core integrity fell below 50% 2863 | -10/Subcaves | Discovered new exit (range 11) 2922 | -10/Subcaves | Shifting Twisted Machinery released Sub. Monowheel 2923 | -10/Subcaves | Shifting Twisted Machinery released Mak. Light Armor Plating 3478 | -10/Subcaves | Discovered new exit (range 7) 3530 | -10/Subcaves | A swath of the cavern ceiling suddenly collapsed 6033 | -10/Subcaves | Learned location of 1 exit from Materials 6662 | -10/Subcaves | Lost 3 parts (1p2w) 7182 | -10/Subcaves | Entered Recycling 7189 | -7/Recycling | Core integrity fell below 20% 7201 | -7/Recycling | Destroyed by Y-54 Guardian with Flak Gun Last Messages --------------- LOCATION=UNKNOWN GOAL=ESCAPE Connecting with Terminal... Current location identified: Recycling >>Query(Fire Trap) A number of [Derelict] [Caves] are protected by traps linking multiple [Flamer] devices, each one apparently equivalent to the plasma variant employed by the [Dragon] prototype. >>Query(Flamer) Flamers may prompt me to rethink a large number of robot designs, as most are weak against sustained high temperatures caused by this primitive weapon, and often shut down or malfunction during confrontations with those Derelicts that employ them. The plasma variant on the [Dragon] prototype is particularly worrisome. Y-54 Guardian springs to life. Lgt. Treads destroyed. Map ----- +----------------------------------------------------+ | ??????????????????????????????????????? | | ??????????????????????????????????????? | | ??????????????????????????????????????? | | ??????????????????????????????????????? | | ??????????????????????????????????????? | | ??????????????????????????????????????? | | ??????????????????????????????????????? | | ??????????????????????????????????????? | | ??????????????????????????????????????? | | ??????????????????????????????????????? | | ??????????????????????????????????????? | | ??????????????????????????????????????? | | ??????????????????????????????????????? | | ??????????????????????????????????????? | | ??????????????????????????????????????? | | ??????????????????????????????????????? | | ??????????????????????????????????????? | | ??????????????????????????????????????? | | ??????????????????????????????????????? | | ??????????????????????????????????????? | | ??????????????????????????????????????? | | ????????????????????????####??????????? | | ??????????????????# ????#T"#??????????? | | ??????????????????# ### "###????????? | | ?????????????????## #????????? | | ????????????????+ @ ! #????????? | | ????????????????### #????????? | | ??????????????????# ###Y####????????? | | ??????????????????# ??###???????????? | | ????????????????? ?????????????????? | | ????????????????####??????????????????? | | ??????????????????????????????????????? | | ??????????????????????????????????????? | | ??????????????????????????????????????? | | | | | | | | | | | | | | | | | | | | | | | | | | | | | | | | | +----------------------------------------------------+ Best States ------------- Heat Dissipation 25 Energy Generation 10 Energy Capacity 250 Matter Stores 300 Matter Capacity 300 Sight Range 16 Robot Scan Range 14 Terrain Scan Density 10 Armor Coverage 100 Resistance: TH 10 Evasion (%) 55 Recoil Reduction 2 Item Schematics ----------------- None Robot Schematics ------------------ None Fabricated ------------ Nothing Alien Tech Used ----------------- None Achievements -------------- None Challenges ------------ None Game ------ Seed HeartHardlightSaw Manual? 0 Play Time 00:39:38 Cumulative 38.5 hours Start 2024.05.13 @ 18:41:15 End 2024.05.13 @ 19:26:45 Sessions 1 Manual Loads 0 Difficulty Rogue Special Mode None Game No. 36 Rogue 36 Adventurer 0 Explorer 0 Win Type - Total 0 Types 0/0/0/0/0/0/0/0/0 Lore% 35 Gallery% 40 Achievement% 33 Wizard Run 0 Options --------- Layout 1 ASCII 0 Keyboard 0 Movement Mouse Keybinds 0 Fullscreen 2 Font 24/Smallcaps Map View 50x35 Zoom Use 0% Tactical HUD 0 Map Filters NONE Filters NONE Steam 0 RUN: 84731eee-ba68-4018-9ec3-d47b00881be4